cohdb
Replays
Latest Replays
All Replays
Popular Replays
Top Player Replays
Match Explorer
How It Works
Community
CoH3 Stats
Reddit
Sign in to upload your games and track your stats! →
Sign in with Steam
Match 41845925
Unlisted
Match 41845925
Overview
Messages
Build Orders
End
Kradschützen Motorcycle Team
Panzergrenadier Squad
Panzergrenadier Squad
Construct Light Support Kompanie
2.5-tonne Medical Truck
Selects Battlefield Espionage Battlegroup
Selects Intel Disruption Beacon
Panzergrenadier Squad
Fire Support Elements
Pak 38 Mechanized Group
Combat Half-tracks
Flakvierling Half-track
Veteran Squad Leaders
Construct Mechanized Kompanie
HulkSMASH
⚓️Ruby⚓
Dream
FLOKL
0
0
Comments
sign in to comment!
No comments posted yet!